 Dungeon Crawl Stone Soup version 0.30-a0-862-g1aabd4f9c5 (webtiles) character file.

Game seed: 1526782363125129758

4869 holysushi the Skirmisher (level 10, -8/63 HPs)
             Began as an Octopode Chaos Knight on Mar 9, 2023.
             Was a Plaything of Xom.
             Mangled by a yak (12 damage)
             ... while paralysed by you
             ... on level 9 of the Dungeon.
             The game lasted 00:20:37 (9825 turns).

holysushi the Skirmisher (Octopode Chaos Knight)    Turns: 9825, Time: 00:20:38

Health: -8/63      AC:  2    Str: 19    XL:     10   Next: 50%
Magic:  10/10      EV:  2    Int: 14    God:    Xom [...*..]
Gold:   506        SH:  0    Dex: 13    Spells: 6/9 levels left

rFire   . . .      SeeInvis .    a - +2 falchion (chaos)
rCold   . . .      Faith    .    (no shield)
rNeg    + + +      Spirit   .    (helmet restricted)
rPois   ∞          Reflect  +    k - amulet of reflection
rElec   .          Rampage  .    j - ring of willpower
rCorr   .                        (no ring)
Will    +....                    (no ring)
Stlth   +++                      (no ring)
HPRegen 0.30/turn                (no ring)
MPRegen 0.12/turn                (no ring)
                                 (no ring)
                                 (no ring)

@: paralysed, agile, petrified, hasted
A: almost no armour, amphibious, 8 rings, camouflage 1, gelatinous body 1,
(nimble swimmer 1), tentacles, beak, shaggy fur 1, strong 2, wild magic 1
a: Renounce Religion


You were on level 9 of the Dungeon.
You worshipped Xom.
You were a favourite toy of Xom.
You visited 2 branches of the dungeon, and saw 10 of its levels.
You also visited: Ossuary and Bailey.

You collected 506 gold pieces.

Inventory:

Hand Weapons
 a - a +2 falchion of chaos (weapon)
 b - a +0 shortbow of flaming
 u - a +0 sling of freezing
 z - a +0 scimitar of electrocution
Jewellery
 j - a ring of willpower (left tentacle)
 k - an amulet of reflection (around mantle)
 x - a ring of flight
Wands
 d - a wand of roots (7)
 v - a wand of polymorph (8)
 A - a wand of flame (8)
 B - a wand of light (7)
Scrolls
 e - a scroll of teleportation
 n - a scroll of magic mapping
 p - 2 scrolls of brand weapon
 s - a scroll of enchant weapon
 y - a scroll of enchant armour
 C - a scroll of immolation
Potions
 c - 5 potions of curing
 f - a potion of lignification
 g - 2 potions of brilliance
 i - a potion of attraction
 l - 4 potions of haste
 m - 2 potions of heal wounds
 o - a potion of berserk rage {unknown}
 q - 4 potions of invisibility {unknown}
 r - a potion of flight {unknown}
 t - 2 potions of resistance
 w - a potion of ambrosia
 D - 3 potions of cancellation {unknown}
 E - a potion of experience {unknown}
 F - a potion of mutation {unknown}
 G - a potion of might {unknown}
 H - a potion of magic {unknown}
Miscellaneous
 h - a piece from Xom's chessboard (12/15) (quivered)


   Skills:
 + Level 3.2 Fighting
 - Level 8.8 Long Blades
 + Level 10.1 Ranged Weapons
 + Level 7.1 Dodging
 - Level 3.5 Stealth
 + Level 2.3 Evocations


You had 6 spell levels left.
You knew the following spells:

 Your Spells              Type           Power      Damage    Failure   Level
a - Portal Projectile     Hex/Tloc       0%         N/A       73%         3

Your spell library contained the following spells:

 Spells                   Type           Power      Damage    Failure   Level
 Call Canine Familiar     Summ           0%         N/A       73%         3
 Leda's Liquefaction      Hex/Erth       0%         N/A       98%         4
 Lee's Rapid Deconstruct  Erth           0%         3d4*      100%        5
 Statue Form              Tmut/Erth      0%         N/A       100%        6


Dungeon Overview and Level Annotations

Branches:
Dungeon (9/15) Zot: 26426  Temple (1/1) D:6 Zot: 5825    Lair (0/5) D:9
    Orc (0/2) D:9         Ossuary (visited)          Bailey (visited)

Altars:
Ashenzari
Cheibriados
Dithmenos
Elyvilon
Fedhas
Gozag
Hepliaklqana
Kikubaaqudgha
Makhleb
Nemelex Xobeh
Okawaru
Qazlal
Ru
Sif Muna
Trog
Uskayaw
Vehumet
Wu Jian
Xom
Yredelemnul
Zin
The Shining One


Innate Abilities, Weirdness & Mutations

You cannot wear most types of armour.
You are amphibious.
You can wear up to eight rings at the same time.
Your skin changes colour to match your surroundings (Stealth+).
Your rubbery body absorbs attacks. (AC +1, EV +1)
((You are camouflaged when in or above water. (Stealth+)))
You have tentacles for arms and can constrict up to eight enemies at once.
You have a beak for a mouth.
You are covered in fur. (AC +1)
Your muscles are very strong. (Str +8, Int/Dex -2)
Your spells are a little harder to cast, but a little more powerful.


Message History

The yak is severely wounded.
You are engulfed in seething chaos.
You are slowing down.
You hit the yak.
You feel better.
You peck the yak.
The yak is almost dead.
You are engulfed in seething chaos.
The yak gores you!
You hit the yak.
The yak is almost dead.
You are engulfed in seething chaos.
The yak gores you!
Your limbs are stiffening.
You are engulfed in seething chaos.
You have turned to stone.
You are engulfed in seething chaos.
The yak is engulfed in seething chaos.
The yak suddenly seems more resistant.
The yak gores you.
You are engulfed in seething chaos.
The yak is engulfed in seething chaos.
The yak gores you.
You are engulfed in seething chaos.
You feel agile all of a sudden.
The yak is engulfed in seething chaos.
The yak seems to grow stronger.
The yak gores you!!
You are engulfed in seething chaos.
The yak is engulfed in seething chaos.
The yak seems to speed up.
The yak gores you!!
The yak bellows!
You are engulfed in seething chaos.
You suddenly lose the ability to move!
The yak is engulfed in seething chaos.
The yak gores you!
* * * LOW HITPOINT WARNING * * *
A yak comes into view.
You are engulfed in seething chaos.
The yak completely misses you. The yak gores you!!
* * * LOW HITPOINT WARNING * * *
The yak bellows!
You are engulfed in seething chaos.
The yak bellows!
The yak gores you!!
You die...
Xom roars with laughter!

##..).......#
#.
##.......[.##
##
##.Y........#
#
##..YY......##
#
#.##.###....#
####Y# ##...##
#.# ###..# *
#Y# ##.## *
#@# ##.## *
### #..# *
##.## ##.# ###


You could see 5 yaks.

Vanquished Creatures
  Joseph (D:8)
  Psyche (D:8)
  A hornet (D:8)
  Grinder (D:3)
  A yak (D:9)
  Eustachio (D:5)
  An acid dragon (D:8)
  3 water moccasins
  A black bear (D:6)
  2 orc warriors
  An ice beast (D:7)
  An ogre (D:6)
  A lemure (D:6)
  2 centaurs
  Blork the orc (D:5)
  3 elf zombies (Ossuary)
  A kobold brigand (D:8)
  4 bullfrogs
  3 scorpions
  3 wights (D:7)
  A howler monkey (D:8)
  A gnoll bouda (D:7)
  A centaur zombie (Ossuary)
  3 jellies
  2 hounds
  A human zombie (Ossuary)
  Jessica (D:3)
  2 iguanas
  2 sleepcaps
  3 orc wizards
  A hound zombie (Ossuary)
  3 mummies (Ossuary)
  7 adders
  15 gnolls
  2 shadow imps
  4 white imps
  An ufetubus (D:4)
  An adder zombie (Ossuary)
  3 dart slugs
  27 orcs
  4 endoplasms
  5 giant cockroaches
  11 goblins
  8 hobgoblins
  3 jackals (D:1)
  11 kobolds
  4 quokkas
  6 ball pythons
  8 bats
  4 frilled lizards
  A gnoll zombie (Ossuary)
  5 goblin zombies (Ossuary)
  3 hobgoblin zombies (Ossuary)
  A jackal zombie (Ossuary)
  5 kobold zombies (Ossuary)
  2 orc zombies (Ossuary)
  A quokka zombie (Ossuary)
  9 rats
  6 rat zombies
211 creatures vanquished.

Vanquished Creatures (collateral kills)
  Pikel (D:6)
  An ice beast (D:6)
  An elf zombie (Ossuary)
  A hound zombie (Ossuary)
  A goblin zombie (Ossuary)
  A hobgoblin zombie (Ossuary)
  2 jackal zombies (Ossuary)
8 creatures vanquished.

Vanquished Creatures (others)
  A sky beast (D:7)
  8 bushes (D:8)
  7 plants (D:8)
16 creatures vanquished.

Grand Total: 235 creatures vanquished

Notes
Turn   | Place    | Note
-------+----------+-------------------------------------------
     0 | D:1      | holysushi the Octopode Chaos Knight began the quest for the
                  | Orb.
     0 | D:1      | Reached XP level 1. HP: 16/16 MP: 1/1
    89 | D:1      | You fall into a shaft and drop 1 floor!
    89 | D:2      | XOM: noise
   147 | D:2      | XOM: divination: detect creatures
   230 | D:2      | XOM: silly message
   240 | D:2      | Reached XP level 2. HP: 21/21 MP: 2/2
   247 | D:2      | XOM: silly message
   347 | D:2      | Reached XP level 3. HP: 24/26 MP: 3/3
   584 | D:1      | Found a faded altar of an unknown god.
   584 | D:1      | XOM: 4-stop teleportation journey
  1074 | D:2      | Reached XP level 4. HP: 31/31 MP: 4/4
  1156 | D:2      | XOM: silly message
  1300 | D:2      | XOM: silly message
  1758 | D:2      | XOM: god gift: ring mail {god gift}
  1825 | D:3      | Reached skill level 5 in Long Blades
  1827 | D:3      | Identified the +1 helmet of Ucubusil {rC+ Int+3 SInv}
  2053 | D:3      | Noticed Jessica
  2056 | D:3      | Killed Jessica
  2057 | D:3      | Reached skill level 1 in Ranged Weapons
  2101 | D:3      | Noticed Grinder
  2113 | D:3      | Killed Grinder
  2114 | D:3      | Reached skill level 4 in Ranged Weapons
  2114 | D:3      | Reached XP level 5. HP: 20/36 MP: 5/5
  2114 | D:3      | Reached XP level 6. HP: 24/42 MP: 6/6
  2177 | D:3      | XOM: give mutations
  2177 | D:3      | Gained mutation: Your muscles are strong. (Str +4, Int/Dex
                  | -1) [Xom's grace]
  2177 | D:3      | Gained mutation: Your natural rate of healing is unusually
                  | fast. [Xom's grace]
  2177 | D:3      | Gained mutation: Your muscles are very strong. (Str +8,
                  | Int/Dex -2) [Xom's grace]
  2575 | D:4      | XOM: confuse monster(s)
  2579 | D:4      | Reached skill level 5 in Ranged Weapons
  2635 | D:4      | Identified the +3 leather armour of Infinity {rPois rCorr
                  | Dex+3}
  2655 | D:4      | Found a sand-covered staircase.
  2662 | Ossuary  | Entered an ossuary
  2736 | Ossuary  | Reached XP level 7. HP: 46/46 MP: 7/7
  2763 | Ossuary  | XOM: summons 7 friendly demons
  2798 | Ossuary  | Reached skill level 6 in Ranged Weapons
  3009 | Ossuary  | XOM: give mutations
  3009 | Ossuary  | Gained mutation: Your spells are a little harder to cast,
                  | but a little more powerful. [Xom's grace]
  3009 | Ossuary  | Gained mutation: You are covered in fur. (AC +1) [Xom's
                  | grace]
  3232 | D:4      | Reached XP level 8. HP: 46/52 MP: 8/8
  3242 | D:4      | Found an iron altar of Okawaru.
  3322 | D:4      | XOM: 2-stop teleportation journey
  3507 | D:4      | XOM: give mutation
  3507 | D:4      | Gained mutation: You have a beak for a mouth. [Xom's grace]
  3569 | D:5      | Entered Level 5 of the Dungeon
  3695 | D:5      | Found a hide-covered altar of Uskayaw.
  3762 | D:5      | Reached skill level 7 in Ranged Weapons
  4021 | D:5      | Noticed Blork the orc
  4023 | D:5      | XOM: 9-stop teleportation journey
  4029 | D:5      | Killed Blork the orc
  4030 | D:5      | Reached skill level 1 in Stealth
  4130 | D:5      | Noticed Eustachio
  4431 | D:5      | XOM: polymorph ufetubus -> iron imp
  4437 | D:5      | XOM: summons friendly shadow imp
  4437 | D:5      | HP: 3/78 [quasit[Eustachio] (1)]
  4442 | D:5      | Killed Eustachio
  4443 | D:5      | Reached skill level 5 in Dodging
  4782 | D:6      | XOM: potion effect (brilliance)
  4984 | D:6      | XOM: silly message
  5020 | D:6      | XOM: potion effect (might)
  5251 | D:6      | XOM: silly message
  5421 | D:6      | XOM: divination: detect creatures
  5512 | D:6      | Noticed Pikel
  5514 | D:6      | XOM: noise
  5516 | D:6      | XOM: divination: magic mapping
  5521 | D:6      | XOM: cast spell 'Call Canine Familiar'
  5524 | D:6      | Killed Pikel
  5525 | D:6      | Reached skill level 8 in Ranged Weapons
  5525 | D:6      | Reached XP level 9. HP: 56/56 MP: 9/9
  5586 | D:6      | XOM: butterfly on damage
  5813 | D:6      | Found a staircase to the Ecumenical Temple.
  5835 | Temple   | XOM: stealth player
  5835 | Temple   | Entered the Ecumenical Temple
  5899 | Temple   | XOM: 5-stop teleportation journey
  5924 | Temple   | XOM: god gift: fizzy pink potion {god gift}
  5987 | Temple   | XOM: scenery: summon butterflies
  6093 | D:6      | XOM: cast spell 'Summon Dragon'
  6549 | D:7      | Found a basalt altar of Yredelemnul.
  6561 | D:7      | Reached skill level 1 in Evocations
  6638 | D:7      | XOM: fog
  6663 | D:7      | XOM: give mutation
  6663 | D:7      | Lost mutation: Your natural rate of healing is unusually
                  | fast. [Xom's mischief]
  6716 | D:7      | Reached skill level 9 in Ranged Weapons
  6725 | D:7      | XOM: summons 1 hostile shadow creature
  6810 | D:7      | Found a blossoming altar of Fedhas.
  6862 | D:7      | XOM: noise
  6950 | D:7      | XOM: swap monsters
  6951 | D:7      | XOM: blink monster(s)
  6958 | D:7      | Reached XP level 10. HP: 27/63 MP: 10/10
  7121 | D:7      | Learned a level 3 spell: Portal Projectile
  7171 | D:8      | Identified the +2 pair of boots "Jaiteimu" {rPois Will+
                  | Int+2}
  7201 | D:8      | XOM: cloud trail
  7211 | D:8      | Found a shimmering altar of Xom.
  7218 | D:8      | Noticed Joseph
  7377 | D:8      | XOM: snakes to sticks
  7922 | D:8      | Noticed Psyche
  7994 | D:8      | XOM: silly message
  8055 | D:8      | XOM: silly message
  8157 | D:7      | XOM: noise
  8169 | D:7      | XOM: silly message
  8226 | D:8      | Killed Psyche
  8250 | D:8      | XOM: 1-stop teleportation journey
  8383 | D:8      | XOM: noise
  8386 | D:8      | Killed Joseph
  8387 | D:8      | Reached skill level 10 in Ranged Weapons
  8390 | D:8      | XOM: butterfly on damage
  8547 | D:8      | Found a glowing silver altar of Zin.
  8552 | D:8      | Found the +2 ratskin cloak {*Rats rPois rN+ Str-1 Int-1
                  | Dex+1}
  8651 | D:8      | Noticed a two-headed ogre
  8651 | D:8      | Noticed a two-headed ogre
  8651 | D:8      | XOM: 1-stop teleportation journey
  8652 | D:8      | Noticed a seven-headed hydra
  8655 | D:8      | Noticed a centaur warrior
  8656 | D:8      | Noticed a centaur warrior
  8658 | D:8      | XOM: smoke on damage
  8780 | D:9      | Found a flagged portal.
  8798 | Bailey   | Entered a bailey
  9171 | Bailey   | XOM: potion effect (invisibility)
  9772 | D:9      | XOM: potion effect (haste)
  9811 | D:9      | XOM: chaos cloud
  9823 | D:9      | Paralysed by you for 5 turns
  9825 | D:9      | Mangled by a yak

Illustrated notes

Levels and vault maps discovered:
D:1:      co_arrival_square_in_a_square_in_a_square, layout_basic,
          chequers_ecumenical_altar_simple
D:2:      layout_basic
D:3:      layout_loops_ring, uniq_grinder, uniq_jessica
D:4:      layout_loops_ring, nicolae_overflow_hidden_temple, enter_ossuary_4
D:5:      layout_basic, mainiacjoe_overflow_chevrons,
          amcnicky_mini_corridor_feature, eino_tiny_chamber, uniq_blork_the_orc,
          uniq_eustachio
D:6:      layout_rooms, minmay_temple_entry_stoned_glass,
          minmay_misc_feat_columns, kennysheep_generic_room_13, uniq_pikel
D:7:      layout_basic, mainiacjoe_overflow_cross_hatched,
          mainiacjoe_overflow_alcove_2
D:8:      minmay_klotski, layout_basic, mainiacjoe_overflow_boulevard,
          mainiacjoe_overflow_six_doors_small, dreamdust_princess_bridge,
          uniq_psyche, uniq_joseph
D:9:      layout_layer_cave, lair_entry_dummy, david_orc_1_choice,
          enter_bailey_4
Temple:   eino_temple_scatter_basement

Skill      XL: |  1  2  3  4  5  6  7  8  9 10 |
---------------+-------------------------------+-----
Long Blades    | 4 5 6 7 8 |  8.8
Ranged Weapons | 4 5 6 8 9 10 | 10.1
Dodging        | 4 5 7 |  7.1
Stealth        | 3 |  3.5
Evocations     | 2 |  2.3
Fighting       | |  3.2

Action                     |  1- 3 |  4- 6 |  7- 9 | 10-12 || total
---------------------------+-------+-------+-------+-------++-------
  Melee: Falchion          |    72 |    60 |   187 |    82 ||   401
         Constrict         |    16 |    14 |    42 |    20 ||    92
         Tentacles         |     8 |    14 |    42 |    27 ||    91
         Punch             |       |     2 |     4 |     2 ||     8
         Peck              |       |       |    34 |    20 ||    54
   Fire: Sling             |       |    81 |   234 |    59 ||   374
         Shortbow          |       |       |       |    35 ||    35
  Evoke: Piece from Xom's  |       |       |     8 |       ||     8
         Wand              |       |       |       |    10 ||    10
    Use: Scroll            |       |     9 |     9 |     7 ||    25
         Potion            |       |       |     2 |     4 ||     6
   Stab: Sleeping          |    10 |     6 |     4 |    12 ||    32
         Distracted        |     1 |       |       |       ||     1
         Confused          |       |     1 |     2 |       ||     3
         Invisible         |       |       |       |     5 ||     5
 Armour: Skin              |     8 |    12 |    80 |     1 ||   101
  Dodge: Dodged            |    45 |    47 |   166 |    69 ||   327
  Block: Other             |       |     7 |    69 |    10 ||    86
         Reflection        |       |       |     1 |     3 ||     4

Table legend: (Time is in decaauts)
 A = Elapsed time spent in this place.
 B = Non-inter-level travel time spent in this place.
 C = Inter-level travel time spent in this place.
 D = Time resting spent in this place.
 E = Time spent auto-exploring this place.
 F = Levels seen in this place.
 G = Mean time per level.
                   A        B        C        D        E       F      G
               +--------+--------+--------+--------+--------+-----+--------+
         Total |   9750 |   9323 |    427 |   2229 |   4435 |  12 |  812.5 |
       Dungeon |   8680 |   8269 |    411 |   2070 |   4145 |   9 |  964.4 |
        Temple |    174 |    158 |     16 |      0 |    137 |   1 |  174.0 |
       Ossuary |    379 |    379 |      0 |     40 |     67 |   1 |  379.0 |
        Bailey |    514 |    514 |      0 |    119 |     86 |   1 |  514.0 |
               +--------+--------+--------+--------+--------+-----+--------+

Top non-repeatable levels by time:
     D:8: 1407 daAuts
     D:6: 1238 daAuts
     D:5: 1219 daAuts
     D:2: 1141 daAuts
     D:7: 986 daAuts
     D:3: 750 daAuts
     D:4: 718 daAuts
     D:1: 646 daAuts
     D:9: 572 daAuts
  Bailey: 514 daAuts
 Ossuary: 379 daAuts
  Temple: 174 daAuts
